 Dungeon Crawl Stone Soup version 0.19-a0-1882-gbb73ea0 (webtiles) character file.

5154 Amnesiac the Fighter (level 10, -8/119 HPs)
             Began as an Ogre Wizard on Oct 15, 2016.
             Was an Initiate of Sif Muna.
             Killed by divine providence
             ... invoked by an orc priest
              (13 damage)
             ... on level 8 of the Dungeon.
             The game lasted 00:29:26 (12082 turns).

Amnesiac the Fighter (Ogre Wizard)                 Turns: 12082, Time: 00:29:28

Health: -8/119     AC:  4    Str: 14    XL:     10   Next: 59%
Magic:  3/16       EV: 13    Int: 20    God:    Sif Muna [......]
Gold:   357        SH:  0    Dex:  8    Spells: 6 memorised, 4 levels left

rFire  + . .     SeeInvis .     G - +1 giant club (freeze)
rCold  x . .     Gourm    .     P - +0 robe (curse)
rNeg   . . .     Faith    .     (shield currently unavailable)
rPois  +         Spirit   .     b - +1 hat
rElec  .         Dismiss  .     C - +0 cloak
rCorr  .         Reflect  .     (gloves unavailable)
MR     +....     Harm     .     (boots unavailable)
Stlth  +.........               (no amulet)
                                i - ring of fire
                                L - ring of poison resistance

@: very slightly contaminated
A: unfitting armour, talons 1, blurry vision 1, deformed body, tough skin 1
a: Renounce Religion


You were on level 8 of the Dungeon.
You worshipped Sif Muna.
Sif Muna was noncommittal.
You were hungry.

You visited 2 branches of the dungeon, and saw 9 of its levels.
You also visited: Ossuary.

You collected 357 gold pieces.

Inventory:

Hand Weapons
 f - a +2 trident of venom
 r - a +0 dagger of venom
 G - a +1 giant club of freezing (weapon)
 I - a +2 quarterstaff of chaos
Armour
 a - a +0 robe
 b - a +1 hat (worn)
 C - a +0 cloak (worn)
 M - a +2 shield
 P - a cursed +0 robe (worn)
Magical Staves
 g - an uncursed staff of poison {unknown}
Jewellery
 i - a ring of fire (right hand)
 L - a ring of poison resistance (left hand)
Wands
 e - a wand of random effects (28/48)
 p - a wand of disintegration (8/24)
 u - a wand of random effects (25/48)
 y - a wand of lightning (8/15)
 H - a wand of hasting (3/9)
 J - a wand of flame (25/48)
 N - a wand of iceblast (2/15)
 O - a wand of confusion (35/48)
Scrolls
 k - a scroll of teleportation
 n - a scroll of blinking
 o - 2 scrolls of identify
 s - a scroll of enchant armour
 D - 2 scrolls of remove curse
 E - a scroll of enchant weapon
Potions
 h - a potion of ambrosia {unknown}
 j - a potion of magic
 m - a potion of invisibility
 q - 3 potions of brilliance
 w - a potion of curing {unknown}
 x - 2 potions of flight {unknown}
 z - a potion of degeneration
 A - 2 potions of resistance
 F - a potion of haste
Books
 c - a book of Minor Magic

   Spells                             Type                      Level
   a - Magic Dart                     Conjuration                  1
   b - Blink                          Translocation                2
   c - Call Imp                       Summoning                    2
   d - Repel Missiles                 Charms/Air                   2
   e - Slow                           Hexes                        2
   f - Conjure Flame                  Conjuration/Fire             3
   g - Mephitic Cloud                 Conjuration/Poison/Air       3
 l - a book of Callings

   Spells                             Type                      Level
   a - Summon Small Mammal            Summoning                    1
   b - Call Imp                       Summoning                    2
   c - Call Canine Familiar           Summoning                    3
   d - Summon Guardian Golem          Hexes/Summoning              3
   e - Summon Lightning Spire         Summoning/Air                4
   f - Summon Ice Beast               Ice/Summoning                4
Comestibles
 d - 7 bread rations


   Skills:
 - Level 13.5 Fighting
 - Level 10.0 Dodging
 - Level 1.4 Stealth
 + Level 4.1 Spellcasting
 - Level 0.6 Conjurations
 - Level 0.6 Summonings
 - Level 0.6 Translocations


You had 4 spell levels left.
You knew the following spells:

 Your Spells              Type           Power        Failure   Level  Hunger
a - Repel Missiles        Chrm/Air       #.....       21%         2    #......
b - Blink                 Tloc           N/A          17%         2    #......
d - Call Imp              Summ           #.......     17%         2    #......
e - Mephitic Cloud        Conj/Pois/Air  #.......     38%         3    ###....
f - Magic Dart            Conj           #...         12%         1    None
s - Conjure Flame         Conj/Fire      #.......     38%         3    ###....


Dungeon Overview and Level Annotations

Branches:
Dungeon (8/15)             Temple (1/1) D:6
   Lair: D:8-11

Altars:
Ashenzari
Cheibriados
Dithmenos
Elyvilon
Fedhas
Gozag
Hepliaklqana
Kikubaaqudgha
Makhleb
Nemelex Xobeh
Okawaru
Qazlal
Ru
Sif Muna
Trog
Uskayaw
Vehumet
Xom
Yredelemnul
Zin
The Shining One

Shops:
D:5 *[?   D:8 [

Annotations:
D:4 Menkaure


Innate Abilities, Weirdness & Mutations

You are too large for most types of armour.
You have tough skin. (AC +1)
You have sharp toenails.
Scrolls take you a little longer to read.
Armour fits poorly on your strangely shaped body.


Message History

Casting: Mephitic Cloud
Confirm with . or Enter, or press ? or * to list all spells.
You don't have enough magic to cast that spell.
Unknown command.
Casting: Mephitic Cloud
Confirm with . or Enter, or press ? or * to list all spells.
You don't have enough magic to cast that spell.
Unknown command.
You barely miss the orc priest. The orc priest hits you.
* * * LOW HITPOINT WARNING * * *
The orc hits you with a short sword.
* * * LOW HITPOINT WARNING * * *
The orc priest hits you but does no damage.
Okay, then.
The orc priest mumbles some strange prayers to Beogh against you.
Beogh smites you!
* * * LOW HITPOINT WARNING * * *
The orc priest mumbles some strange prayers to Beogh against you.
Beogh smites you!
You die... #.#######.# ##### #g# #.##....# #(# #.≈≈.≈≈.. #)# #)≈#+#≈.. #g# ###o.'_+ #o# #.o.≈#+# .goo

#.##≈≈.≈≈..
....####o#...+....
........@.#..##
... ..###
...#########...
....... .... #.##
###### ##### #. #


You could see 2 orc priests and an orc.

Vanquished Creatures
  The ghost of Lochraine the Prestidigitator, a novice DDFi of Makhleb (D:8)
  The ghost of Charly the Cleaver, an amateur HOBe of Trog (D:7)
  A hippogriff (D:7)
  Sigmund (D:3)
  A spriggan (D:7)
  2 humans (D:8)
  A hungry ghost (D:7)
  An orc warrior (D:6)
  A black bear (D:6)
  An ice beast (D:6)
  5 ogres
  2 phantoms
  2 centaurs
  3 sky beasts
  An elf zombie (Ossuary)
  6 bullfrogs
  5 wights
  5 killer bees (D:8)
  A howler monkey (D:3)
  3 electric eels (D:6)
  A jelly (D:7)
  A centaur zombie (D:8)
  Crazy Yiuf (D:5)
  A bullfrog skeleton (D:7)
  A hound (D:6)
  A gnoll shaman (D:8)
  2 human zombies (Ossuary)
  An orc priest (D:2)
  6 orc wizards
  A centaur skeleton (D:6)
  4 iguanas
  5 worker ants
  A big kobold zombie (Ossuary)
  4 hound zombies (Ossuary)
  3 mummies (Ossuary)
  A howler monkey zombie (D:6)
  Robin (D:4)
  A gnoll (D:8)
  7 adders
  A worm (D:3)
  A dart slug (D:2)
  6 leopard geckos
  28 orcs
  7 bats
  5 giant cockroaches
  10 goblins
  7 hobgoblins
  3 jackals (D:3)
  5 kobolds
  2 quokkas
  A ball python (D:3)
  6 frilled lizards
  A giant cockroach zombie (D:6)
  A gnoll zombie (Ossuary)
  4 goblin zombies (Ossuary)
  3 hobgoblin zombies (Ossuary)
  6 jackal zombies
  4 kobold zombies (Ossuary)
  2 orc zombies (Ossuary)
  A quokka skeleton (D:4)
  5 quokka zombies
  4 rats
  2 rat zombies (Ossuary)
202 creatures vanquished.

Vanquished Creatures (collateral kills)
  Duvessa (D:4)
  Dowan (D:4)
  A killer bee (D:8)
  A crimson imp (D:4)
  A worker ant (D:4)
5 creatures vanquished.

Vanquished Creatures (others)
  4 plants (D:7)
4 creatures vanquished.

Grand Total: 211 creatures vanquished

Notes
Turn   | Place    | Note
-------+----------+-------------------------------------------
     0 | D:1      | Amnesiac the Ogre Wizard began the quest for the Orb.
     0 | D:1      | Reached XP level 1. HP: 16/16 MP: 5/5
    55 | D:2      | Found an opulent altar of Gozag.
    58 | D:2      | Reached skill level 1 in Fighting
   141 | D:2      | Reached XP level 2. HP: 27/27 MP: 2/6
   202 | D:2      | Learned a level 2 spell: Call Imp
   449 | D:2      | Reached skill level 2 in Fighting
   751 | D:2      | Reached XP level 3. HP: 31/36 MP: 0/8
  1063 | D:2      | Learned a level 3 spell: Mephitic Cloud
  1067 | D:2      | Learned a level 3 spell: Conjure Flame
  1136 | D:2      | Reached skill level 3 in Fighting
  1136 | D:2      | Reached XP level 4. HP: 8/45 MP: 2/9
  1892 | D:3      | Noticed Sigmund
  2140 | D:3      | Killed Sigmund
  2140 | D:3      | Reached skill level 5 in Fighting
  2140 | D:3      | Reached XP level 5. HP: 55/57 MP: 8/10
  2140 | D:3      | Reached XP level 6. HP: 64/66 MP: 8/11
  2515 | D:4      | Noticed Duvessa
  2652 | D:4      | Noticed Dowan
  2678 | D:4      | Killed Duvessa
  2682 | D:4      | Killed Dowan
  2682 | D:4      | Reached skill level 6 in Fighting
  2703 | D:4      | Found a faded altar of an unknown god.
  2703 | D:4      | Found a sacrificial altar of Ru.
  2708 | D:4      | Found a faded altar of an unknown god.
  2710 | D:4      | Found a faded altar of an unknown god.
  2711 | D:4      | Found a faded altar of an unknown god.
  2756 | D:4      | Noticed Menkaure
  3162 | D:4      | Noticed Robin
  3196 | D:4      | Killed Robin
  3198 | D:4      | Reached XP level 7. HP: 35/75 MP: 4/12
  3754 | D:5      | Entered Level 5 of the Dungeon
  3847 | D:5      | Learned a level 2 spell: Repel Missiles
  3852 | D:5      | Reached skill level 5 in Dodging
  3856 | D:5      | Learned a level 2 spell: Blink
  3996 | D:5      | Reached skill level 7 in Fighting
  4046 | D:5      | Found Beuddure's Antique Armour Shoppe.
  4092 | D:5      | Found a sand-covered staircase.
  4261 | D:5      | Found Maig's Magic Scroll Emporium.
  4451 | Ossuary  | Entered an ossuary
  4667 | Ossuary  | Reached skill level 8 in Fighting
  4667 | Ossuary  | Reached XP level 8. HP: 84/88 MP: 9/13
  5000 | D:5      | Found a runed door.
  5023 | D:5      | Found Jutuew's General Store.
  5222 | D:5      | Noticed Crazy Yiuf
  5531 | D:6      | Reached skill level 9 in Fighting
  5676 | D:6      | Gained mutation: Scrolls take you a little longer to read. [mutagenic meat]
  5682 | D:6      | Gained mutation: Armour fits poorly on your strangely shaped body. [mutagenic meat]
  5685 | D:6      | Gained mutation: You have sharp toenails. [mutagenic meat]
  6130 | D:6      | Found a staircase to the Ecumenical Temple.
  6138 | Temple   | Entered the Ecumenical Temple
  6443 | D:2      | Found a glowing golden altar of the Shining One.
  6461 | D:2      | Found a sparkling altar of Nemelex Xobeh.
  6923 | D:3      | Found a glowing silver altar of Zin.
  7301 | D:5      | Killed Crazy Yiuf
  7301 | D:5      | Reached skill level 10 in Fighting
  7457 | D:6      | Reached XP level 9. HP: 86/101 MP: 11/14
  8322 | D:6      | Reached skill level 11 in Fighting
  8822 | D:7      | Noticed Charly's ghost (amateur HOBe)
  9093 | D:7      | Paralysed by fainting for 12 turns
  9114 | D:7      | Killed Charly's ghost
  9114 | D:7      | Reached skill level 12 in Fighting
  9138 | D:7      | Reached XP level 10. HP: 54/117 MP: 11/15
  9642 | D:7      | Found a blossoming altar of Fedhas.
 10014 | D:8      | Noticed Lochraine's ghost (novice DDFi)
 10507 | D:8      | Found Faghem's Antique Armour Emporium.
 10918 | D:8      | Reached skill level 13 in Fighting
 11560 | D:8      | Killed Lochraine's ghost
 11817 | D:8      | Reached skill level 10 in Dodging
 11825 | D:8      | Found a deep blue altar of Sif Muna.
 11833 | D:8      | Became a worshipper of Sif Muna the Loreminder
 12057 | D:8      | Found a shattered altar of Ashenzari.
 12081 | D:8      | HP: 5/119 [orc priest/divine providence (13)]
 12082 | D:8      | Killed from afar by an orc priest

Vault maps used:
D:1:      eino_arrival_druids_welcome
D:2:      cheibrodos_helix_gallery, lemuel_crystal_altar,
          grunt_temple_overflow_open
D:3:      nicolae_overflow_hidden_temple, minmay_misc_feat_chi, uniq_sigmund
D:4:      chequers_temple_overflow_minitemple, uniq_menkaure, uniq_duvessa,
          uniq_robin
D:5:      enter_ossuary_4, serial_shops, shop_scrolls, kennysheep_mini, shop,
          first_bread, minmay_fountain_box, uniq_crazy_yiuf_cottage
D:6:      kennysheep_boxes
D:7:      the_bakery, minivault_27, fedhas_altar_decomposition
D:8:      kennysheep_mini_moat, marbit_many_paths, serial_shops,
          nicolae_shop_overgrown_old_shop, okawaru_humans
Temple:   zaba_magenta_temple
Ossuary:  minmay_ossuary_two_tombs

Skill      XL: |  1  2  3  4  5  6  7  8  9 10 |
---------------+-------------------------------+-----
Dodging        | 2 4 5 7 9 10 | 10.0
Fighting       | 1 2 3 5 6 8 10 12 13 | 13.5
Spellcasting   | 4 |  4.1
Stealth        | |  1.4
Conjurations   | |  0.6
Summonings     | |  0.6
Translocations | |  0.6

Action                   |  1- 3 |  4- 6 |  7- 9 | 10-12 || total
-------------------------+-------+-------+-------+-------++-------
Melee: Unarmed           |    75 |       |       |     7 ||    82
       Dagger            |    10 |    95 |       |       ||   105
       Trident           |       |       |   557 |    78 ||   635
       Kick              |       |       |    38 |    29 ||    67
       Giant club        |       |       |       |    50 ||    50
 Cast: Magic Dart        |    51 |    62 |     5 |       ||   118
       Call Imp          |     1 |     5 |     8 |     1 ||    15
       Mephitic Cloud    |     1 |     6 |    10 |    12 ||    29
       Conjure Flame     |       |     1 |    16 |     9 ||    26
       Repel Missiles    |       |       |     1 |       ||     1
       Blink             |       |       |     8 |     4 ||    12
  Use: Potion            |     1 |     3 |       |     6 ||    10
       Scroll            |       |     6 |     4 |    10 ||    20
 Stab: Confused          |     2 |     5 |     2 |     1 ||    10
       Sleeping          |       |       |     8 |       ||     8
       Invisible         |       |       |     1 |     1 ||     2
       Distracted        |       |       |     1 |       ||     1
  Eat: Chunk             |     1 |     7 |    18 |     2 ||    28
       Fruit             |       |       |     4 |       ||     4
       Meat ration       |       |       |     2 |     1 ||     3
       Beef jerky        |       |       |     2 |       ||     2
       Bread ration      |       |       |     1 |     1 ||     2
Armor: Robe              |    13 |    22 |    83 |    23 ||   141
       Skin              |       |       |       |    16 ||    16
Dodge: Dodged            |    66 |    62 |   312 |   104 ||   544
       Deflected         |       |       |     3 |       ||     3
